 Dungeon Crawl Stone Soup version 0.19-a0-1875-g4fea3da (webtiles) character file.

1341 Amnesiac the Slicer (level 8, -3/58 HPs)
             Began as a Mummy Monk on Oct 13, 2016.
             Slain by a killer bee (5 damage)
             ... on level 7 of the Dungeon.
             The game lasted 00:10:09 (6220 turns).

Amnesiac the Slicer (Mummy Monk)                    Turns: 6220, Time: 00:10:10

Health: -3/58      AC: 11    Str: 16    XL:     8   Next: 35%
Magic:  8/8        EV:  5    Int:  9    God:
Gold:   185        SH:  0    Dex: 15    Spells: 0 memorised, 7 levels left

rFire  x . .     SeeInvis .     e - +3 whip (distort)
rCold  + . .     Gourm    .     c - +1 plate armour
rNeg   + + +     Faith    .     (no shield)
rPois  ∞         Spirit   .     h - +0 hat
rElec  .         Dismiss  .     (no cloak)
rCorr  .         Reflect  .     (no gloves)
MR     +....     Harm     .     (no boots)
Stlth  ..........               (no amulet)
                                (no ring)
                                f - ring of stealth

@: no status effects
A: no food or potions, fire vulnerability, cold resistance 1, negative energy
resistance 3, torment resistance, unbreathing
a: no special abilities


You were on level 7 of the Dungeon.
You were not hungry.

You visited 1 branch of the dungeon, and saw 7 of its levels.
You also visited: Ossuary.

You collected 185 gold pieces.

Inventory:

Hand Weapons
 a - a +0 short sword
 e - a +3 whip of distortion (weapon)
 l - a +2 trident of protection
Armour
 b - a +0 robe
 c - a +1 plate armour (worn)
 h - a +0 hat (worn)
 k - a +0 buckler
Jewellery
 f - a ring of stealth (left hand)
Scrolls
 d - 2 scrolls of fog
 g - 3 scrolls of remove curse
 j - a scroll of identify
 m - a scroll of enchant armour
Books
 i - a book of Callings

   Spells                             Type                      Level
   a - Summon Small Mammal            Summoning                    1
   b - Call Imp                       Summoning                    2
   c - Call Canine Familiar           Summoning                    3
   d - Summon Guardian Golem          Hexes/Summoning              3
   e - Summon Lightning Spire         Summoning/Air                4
   f - Summon Ice Beast               Ice/Summoning                4


   Skills:
 - Level 3.0 Fighting
 + Level 9.0 Short Blades
 - Level 2.4 Dodging
 - Level 1.5 Stealth


You had 7 spell levels left.
You didn't know any spells.

Dungeon Overview and Level Annotations

Branches:
Dungeon (7/15)
 Temple: D:4-7

Altars:

Shops:
D:4 }


Innate Abilities, Weirdness & Mutations

You do not eat or drink.
Your flesh is vulnerable to fire.
You are immune to poison.
Your flesh is cold resistant. (rC+)
You are immune to negative energy. (rN+++)
You are immune to unholy pain and torment.
You can survive without breathing.


Message History

The killer bee stings you but does no damage. x2
The killer bee barely misses you.
The killer bee stings you but does no damage. x2
You miss the killer bee.
The killer bee is severely wounded.
The killer bee stings you but does no damage. x4
The killer bee barely misses you.
The killer bee stings you but does no damage.
The killer bee stings you.
* * * LOW HITPOINT WARNING * * *
Okay, then.
You hit the killer bee.
You kill the killer bee!
Your Short Blades skill increases to level 9!
The killer bee stings you but does no damage.
The killer bee stings you.
* * * LOW HITPOINT WARNING * * *
The killer bee stings you but does no damage.
The killer bee stings you.
You die...

#. #..#... ... #.
###...).. .... #.
#.......##..######.
###....#......#......
#.....!#......#......
###......%......#......
###....##y###...###......
#....$..@y..)....##......
...<..####.......##......
......####...............
.....$............#......
..y...####.......##......
y.. #.......######## .
#.......# #.......#
#########


You could see 2 killer bees.

Vanquished Creatures
  Sigmund (D:5)
  An ice beast (D:6)
  A sky beast (D:5)
  An ogre (D:5)
  2 centaurs (D:5)
  A scorpion (D:4)
  2 killer bees (D:7)
  A hound (D:6)
  2 orc priests (D:4)
  3 worker ants (D:4)
  An orc wizard (D:4)
  A hound zombie (D:6)
  4 mummies (Ossuary)
  A worker ant zombie (D:5)
  5 gnolls (D:6)
  3 adders
  A shadow imp (D:6)
  An ooze (D:2)
  2 dart slugs (D:4)
  2 leopard geckos (D:5)
  14 orcs
  2 giant cockroaches (D:3)
  18 goblins
  9 hobgoblins (D:6)
  8 jackals (D:1)
  5 kobolds
  A quokka (D:5)
  4 bats
  A frilled lizard (D:1)
  2 gnoll zombies (Ossuary)
  2 goblin zombies (Ossuary)
  2 hobgoblin zombies (Ossuary)
  A kobold zombie (Ossuary)
  A quokka zombie (D:5)
  2 rats
108 creatures vanquished.

Vanquished Creatures (others)
  A centaur (D:6)
  A wyvern skeleton (D:6)
  A hound (D:5)
  2 orc wizards (D:4)
  A human zombie (Ossuary)
  A worker ant (D:6)
  A mummy (Ossuary)
  A leopard gecko (D:6)
  2 orcs (D:4)
  A giant cockroach (D:5)
  A goblin (D:6)
  A hobgoblin (D:6)
  A fungus (D:6)
15 creatures vanquished.

Grand Total: 123 creatures vanquished

Notes
Turn   | Place    | Note
-------+----------+-------------------------------------------
     0 | D:1      | Amnesiac the Mummy Monk began the quest for the Orb.
     0 | D:1      | Reached XP level 1. HP: 18/18 MP: 1/1
    68 | D:1      | Reached XP level 2. HP: 14/24 MP: 2/2
   224 | D:1      | Reached skill level 3 in Short Blades
   402 | D:3      | Reached XP level 3. HP: 27/29 MP: 3/3
   531 | D:4      | Found a sand-covered staircase.
   558 | Ossuary  | Entered an ossuary
   588 | Ossuary  | Reached skill level 4 in Short Blades
   588 | Ossuary  | Reached XP level 4. HP: 16/35 MP: 4/4
  1462 | D:4      | Found Jaew Hos's Gadget Boutique.
  1467 | D:4      | Reached XP level 5. HP: 38/41 MP: 5/5
  1498 | D:4      | Reached skill level 5 in Short Blades
  1986 | D:4      | Reached XP level 6. HP: 42/47 MP: 6/6
  2117 | D:4      | Got a slimy long sword
  2245 | D:4      | Reached skill level 6 in Short Blades
  2605 | D:5      | Entered Level 5 of the Dungeon
  2808 | D:5      | Noticed Sigmund
  3018 | D:5      | Identified the cursed +0 long sword "Yxungefi" {venom, *Noise Str+2 Int+4} (You found it on level 4 of the Dungeon)
  3762 | D:5      | Reached XP level 7. HP: 35/52 MP: 7/7
  4089 | D:5      | Reached skill level 7 in Short Blades
  4408 | D:5      | Killed Sigmund
  4408 | D:5      | Reached skill level 8 in Short Blades
  5303 | D:6      | Reached XP level 8. HP: 31/58 MP: 8/8
  6219 | D:7      | HP: 2/58 [killer bee (3)]
  6220 | D:7      | Reached skill level 9 in Short Blades
  6220 | D:7      | Slain by a killer bee

Vault maps used:
D:1:      kennysheep_arrival_seaside, minmay_misc_feat_cross,
          lexackson_kobold_supper
D:2:      kennysheep_nub, nicolae_dithmenos_through_a_glass_darkly
D:4:      nicolae_ossuary_entry_monument, serial_shops, shop,
          grunt_decor_arrowhead
D:5:      first_bread, grunt_ministairs_2, uniq_sigmund
D:6:      minmay_goblin_kobold_castle, uniq_crazy_yiuf_cottage
Ossuary:  ossuary_crypta

Skill      XL: |  1  2  3  4  5  6  7  8 |
---------------+-------------------------+-----
Short Blades   | 3 4 5 6 8 9 |  9.0
Fighting       | |  3.0
Dodging        | |  2.4
Stealth        | |  1.5

Action                   |  1- 3 |  4- 6 |  7- 9 || total
-------------------------+-------+-------+-------++-------
Melee: Short sword       |   128 |    38 |       ||   166
       Whip              |       |   149 |   205 ||   354
  Use: Scroll            |       |    11 |     1 ||    12
Armor: Plate armour      |   107 |    76 |   169 ||   352
Dodge: Dodged            |    35 |    27 |    64 ||   126
